 Dungeon Crawl Stone Soup version 0.21-a0-264-g3e31e41 (console) character file.

3516 removed the Destroyer (level 9, -2/73 HPs)
             Began as a Demigod Conjurer on Sept 8, 2017.
             Slain by an unseen horror (12 damage)
             ... on level 7 of the Dungeon.
             The game lasted 00:13:56 (7201 turns).

removed the Destroyer (Demigod Conjurer)            Turns: 7201, Time: 00:13:57

Health: -2/73      AC:  3    Str: 11    XL:     9   Next: 52%
Magic:  8/23       EV: 15    Int: 25    God:
Gold:   343        SH:  4    Dex: 16    Spells: 15/22 levels left

rFire    . . .     SeeInvis .   a - +3 flail
rCold    . . .     Gourm    .   (no shield)
rNeg     . . .     Faith    .   s - +0 robe
rPois    .         Spirit   .   (no helmet)
rElec    .         Reflect  +   (no cloak)
rCorr    .         Harm     .   W - +0 pair of gloves
MR       .....                  (no boots)
Stlth    ++........             A - +4 amulet of reflection (curse)
HPRegen  0.22/turn              (no ring)
MPRegen  0.18/turn              m - ring of wizardry

@: no status effects
A: high mp 1
a: no special abilities


You were on level 7 of the Dungeon.
You were not hungry.

You visited 1 branch of the dungeon, and saw 7 of its levels.

You collected 343 gold pieces.

Inventory:

Hand Weapons
 a - a +3 flail (weapon)
 b - a +2 dagger of venom
 j - a +2 dagger of holy wrath
Armour
 s - a +0 robe (worn)
 W - a +0 pair of gloves (worn)
Jewellery
 m - a ring of wizardry (right hand)
 A - a cursed +4 amulet of reflection (around neck)
 C - an uncursed amulet of magic regeneration {unknown}
Wands
 y - a wand of polymorph (9/24)
 H - a wand of lightning (9/15)
 O - a wand of lightning (6/15)
 X - a wand of iceblast (7/15)
Scrolls
 z - 2 scrolls of enchant weapon
 B - 2 scrolls of remove curse
 E - a scroll of amnesia {unknown}
 F - a scroll of fog {unknown}
 G - a scroll of fear {unknown}
 P - a scroll of immolation
 T - a scroll of enchant armour {unknown}
Potions
 g - 2 potions of brilliance
 i - 2 potions of might
 l - 3 potions of curing
 p - a potion of heal wounds
 v - a potion of ambrosia
 w - a potion of berserk rage
 I - 2 potions of agility
 K - a potion of resistance
 M - a potion of mutation
 N - a potion of haste
 R - a potion of flight
Books
 D - a book of Conjurations

   Spells                             Type                      Level
   a - Magic Dart                     Conjuration                  1
   b - Searing Ray                    Conjuration                  2
   c - Dazzling Spray                 Conjuration/Hexes            3
   d - Fulminant Prism                Conjuration/Hexes            4
   e - Force Lance                    Conjuration/Translocation    4
   f - Iskenderun's Mystic Blast      Conjuration                  4
 Q - a book of Misfortune

   Spells                             Type                      Level
   a - Confusing Touch                Hexes                        1
   b - Confuse                        Hexes                        3
   c - Gell's Gravitas                Translocation                3
   d - Petrify                        Transmutation/Earth          4
   e - Metabolic Englaciation         Hexes/Ice                    5
   f - Yara's Violent Unravelling     Hexes/Transmutation          5
Comestibles
 c - 6 bread rations
 f - 2 royal jellies
 o - 5 meat rations
 q - 3 fruits
 Y - 2 chunks of flesh


   Skills:
 + Level 4.8 Fighting
 + Level 4.7 Dodging
 - Level 1.7 Stealth
 - Level 7.0 Spellcasting
 - Level 9.0 Conjurations


You had 15 spell levels left.
You knew the following spells:

 Your Spells              Type           Power        Failure   Level  Hunger
a - Magic Dart            Conj           ####         1%          1    None
b - Searing Ray           Conj           ######       1%          2    None
c - Iskenderun's Mystic   Conj           ######..     1%          4    ###....


Dungeon Overview and Level Annotations

Branches:
Dungeon (7/15)             Temple (0/1) D:4

Shops:
D:4 =


Innate Abilities, Weirdness & Mutations

You have an increased reservoir of magic. (+10% MP)


Message History

Something hits you. Something hits you!
Found 15 gold pieces.
Something hits you. Something hits you.
Casting: Searing Ray
Confirm with . or Enter, or press ? or * to list all spells.
Aiming: Searing Ray
Press: ? - help, Shift-Dir - straight line The searing ray hits something. (Press . to maintain the ray.)
Something barely misses you. Something hits you! Something hits you.
The searing ray hits something.
Something hits you!
* * * LOW HITPOINT WARNING * * *
Something hits you.
* * * LOW HITPOINT WARNING * * *
The searing ray hits something.
You finish channeling your searing ray.
Something hits you!
You die...

#.#..........[..
#.######.#..######... #.
#..(.....{...###$ ..
###..######..... .. #..#
#.?...# #..####.#..!# ###
#.......#...#..$
#.######..)...)#
#....@{....###$# ###.
#..######....).#..... #..#
##....#.....#
#.####..####.....#)###.#
#..........[.#...#(....#
...####.####.##.....#.....
# #.# ##.##....# ###. #.#
#......# #.# ##..#(....#


There were no monsters in sight!

Vanquished Creatures
  A centaur warrior (D:6)
  Grinder (D:3)
  A water moccasin (D:6)
  A phantom (D:5)
  2 sky beasts
  8 centaurs
  Blork the orc (D:4)
  3 bullfrogs
  A scorpion (D:5)
  A vampire bat (D:3)
  4 crimson imps
  4 hounds
  3 bullfrog skeletons
  A jelly (D:5)
  A gnoll shaman (D:6)
  2 centaur skeletons
  5 orc priests
  3 orc wizards
  An iguana (D:3)
  8 worker ants
  Natasha (thrice) (D:2)
  A hound skeleton (D:6)
  A howler monkey zombie (D:6)
  2 adders
  12 gnolls
  A shadow imp (D:6)
  An adder zombie (D:6)
  3 oozes
  2 worms
  3 dart slugs
  6 leopard geckos
  28 orcs
  A ball python (D:5)
  4 giant cockroaches
  5 goblins
  7 hobgoblins
  8 jackals
  A quokka (D:6)
  13 bats
  4 frilled lizards
  9 kobolds
  9 rats
176 creatures vanquished.

Notes
Turn   | Place    | Note
-------+----------+-------------------------------------------
     0 | D:1      | removed the Demigod Conjurer began the quest for the Orb.
     0 | D:1      | Reached XP level 1. HP: 14/14 MP: 5/5
   304 | D:1      | Reached skill level 4 in Conjurations
   393 | D:1      | Reached XP level 2. HP: 20/20 MP: 1/7
  1089 | D:2      | Reached XP level 3. HP: 26/26 MP: 6/8
  1306 | D:1      | Learned a level 2 spell: Searing Ray
  1380 | D:2      | Reached skill level 5 in Conjurations
  1701 | D:2      | Noticed Natasha
  1705 | D:2      | Killed Natasha
  1705 | D:2      | Reached XP level 4. HP: 33/33 MP: 5/9
  1840 | D:2      | Noticed Natasha
  1847 | D:2      | Killed Natasha
  1981 | D:2      | Noticed Natasha
  1986 | D:2      | Killed Natasha
  2087 | D:3      | Reached skill level 6 in Conjurations
  2087 | D:3      | Reached XP level 5. HP: 38/38 MP: 2/10
  2282 | D:3      | Found a stormy altar of Qazlal.
  2335 | D:3      | Noticed Grinder
  2347 | D:3      | Paralysed by Grinder for 6 turns
  2357 | D:3      | Killed Grinder
  2357 | D:3      | Reached skill level 7 in Conjurations
  2357 | D:3      | Reached XP level 6. HP: 35/45 MP: 5/12
  3009 | D:3      | Learned a level 4 spell: Iskenderun's Mystic Blast
  3188 | D:4      | Found a staircase to the Ecumenical Temple.
  3227 | D:3      | HP: 3/67 [poisoned by a worker ant]
  3235 | D:3      | HP: 3/67 [poisoned by a worker ant]
  3592 | D:4      | Found Xeuti's Jewellery Shoppe.
  3756 | D:4      | Reached XP level 7. HP: 35/50 MP: 10/16
  3860 | D:4      | Found a sparkling altar of Nemelex Xobeh.
  4149 | D:4      | Reached skill level 5 in Spellcasting
  4248 | D:4      | Noticed Blork the orc
  4260 | D:4      | Killed Blork the orc
  4468 | D:5      | Entered Level 5 of the Dungeon
  4643 | D:5      | Reached skill level 8 in Conjurations
  4862 | D:5      | Reached skill level 1 in Fighting
  4862 | D:5      | Reached XP level 8. HP: 40/60 MP: 14/19
  6378 | D:6      | Reached skill level 9 in Conjurations
  6378 | D:6      | Reached XP level 9. HP: 48/71 MP: 7/20
  6641 | D:6      | Noticed a centaur warrior
  6660 | D:6      | Killed a centaur warrior
  6966 | D:7      | Found a basalt altar of Yredelemnul.
  7201 | D:7      | Slain by an unseen horror

Vault maps used:
D:1:      saegor_arrival_simple_e, corexii_hall_statues_x
D:2:      minmay_bisected, uniq_natasha
D:3:      roderic_batcave, hangedman_abyss_or_decor_stabs,
          nicolae_qazlal_general_emergency, uniq_grinder
D:4:      minmay_temple_entry_statues_fountains, serial_shops, shop,
          first_bread, nemelex_lonely_heart_becter, uniq_blork_the_orc
D:7:      hangedman_cross_stitches, kennysheep_mini, serial_shops,
          nicolae_shop_waterfront, hangedman_feature_mirror,
          hangedman_decor_clover_reticule

Skill      XL: |  1  2  3  4  5  6  7  8  9 |
---------------+----------------------------+-----
Conjurations   | 4 5 6 7 8 9 |  9.0
Spellcasting   | 2 4 5 7 |  7.0
Fighting       | 1 4 |  4.8
Dodging        | 4 |  4.7
Stealth        | |  1.7

Action                   |  1- 3 |  4- 6 |  7- 9 || total
-------------------------+-------+-------+-------++-------
Melee: Flail             |       |    16 |    47 ||    63
 Cast: Magic Dart        |    64 |    88 |   170 ||   322
       Searing Ray       |     3 |     6 |    26 ||    35
       Iskenderun's Myst |       |       |    19 ||    19
  Use: Scroll            |     6 |     4 |     5 ||    15
       Potion            |       |     1 |     1 ||     2
  Eat: Chunk             |     3 |     7 |    13 ||    23
Armor: Robe              |     3 |    10 |    13 ||    26
       Skin              |       |     6 |    17 ||    23
Dodge: Dodged            |     5 |    29 |    52 ||    86
Block: Other             |       |       |    18 ||    18
       Reflection        |       |       |     1 ||     1

Table legend:
 A = Spawn XP
 B = Non-spawn XP
 C = Spawn XP percentage of total XP
 D = Spawn monster count
 E = Non-spawn monster count
 F = Spawn count percentage of total count
 G = Total turns spent on level
                    A         B        C        D         E        F      G
               +---------+---------+-------+---------+---------+-------+---------
         Total |       0 |    5023 |   0.0 |       0 |     176 |   0.0 |  7201
               +---------+---------+-------+---------+---------+-------+---------
           D:1 |       0 |      41 |   0.0 |       0 |      18 |   0.0 |  1144
           D:2 |       0 |     174 |   0.0 |       0 |      20 |   0.0 |   879
           D:3 |       0 |     544 |   0.0 |       0 |      40 |   0.0 |  1533
           D:4 |       0 |     576 |   0.0 |       0 |      23 |   0.0 |   912
           D:5 |       0 |    1107 |   0.0 |       0 |      25 |   0.0 |  1256
           D:6 |       0 |    2128 |   0.0 |       0 |      41 |   0.0 |  1235
           D:7 |       0 |     453 |   0.0 |       0 |       9 |   0.0 |   242
               +---------+---------+-------+---------+---------+-------+---------
